Workbook

Sheet April
C2: Finances April 2025
C4: Brought Forward | E4: 935.12
C6: Income
C7: Chipmunks | D7: Subs | E7: 24
C8: Beavers | D8: Subs | E8: 40
C9: Cubs | D9: Subs
C10: Scouts & Explorers | D10: Subs | E10: 48
D14: TOTAL: | E14: =SUM(E7:E13) -> 112
C16: Expenditure
C17: 45761 | D17: Cash Banked | E17: -600
C18: 45751 | D18: Nisa | E18: -11.05
C19: 45775 | D19: B&M | E19: -13
C20: 30/041/25 | D20: Hobbycraft | E20: -13.85
D24: TOTAL: | E24: =SUM(E17:E23) -> -637.9
C26: Balance | E26: =SUM(E4,E14,E24) -> 409.22
D103: c

Sheet May
C2: Finances May 2025
C4: Brought Forward | E4: =April!E26 -> 409.22
C6: Income
C7: Chipmunks | D7: Subs | E7: 32
C8: Beavers | D8: Subs | E8: 48
C9: Cubs | D9: Subs | E9: 0
C10: Scouts & Explorers | D10: Subs | E10: 60
D14: TOTAL: | E14: =SUM(E7:E13) -> 140
C16: Expenditure
C17: 45416 | D17: Coffee Shop | E17: -33.2
D23: TOTAL: | E23: =SUM(E17:E22) -> -33.2
C25: Balance | E25: =SUM(E4,E14,E23) -> 516.02

Sheet June
C2: Finances June 2025
C4: Brought Forward | E4: =May!E25 -> 516.02
C6: Income
C7: Chipmunks | D7: Subs | E7: 24
C8: Beavers | D8: Subs | E8: 36
C9: Cubs | D9: Subs | E9: 100
C10: Scouts & Explorers | D10: Subs
D13: TOTAL: | E13: =SUM(E7:E12) -> 160
C15: Expenditure
D27: TOTAL: | E27: =SUM(E16:E26) -> 0
C29: Balance | E29: =SUM(E4,E13,E27) -> 676.02

Sheet July
C2: Finances July 2025
C4: Brought Forward | E4: =June!E29 -> 676.02
C6: Income
C7: Chipmunks | D7: Subs
C8: Beavers | D8: Subs
C9: Cubs | D9: Subs | E9: 86
C10: Scouts | D10: Subs
C11: Explorers | D11: Subs
D13: TOTAL: | E13: =SUM(E7:E12) -> 86
C15: Expenditure
C16: 45839 | D16: Cash Banked | E16: -345
C17: 45861 | D17: B&Q | E17: -18
C18: 45861 | D18: Timpson | E18: -40
C19: 45842 | D19: HMV | E19: -11.99
D22: TOTAL: | E22: =SUM(E16:E21) -> -414.99
C24: Balance | E24: =SUM(E4,E13,E22) -> 347.03

Sheet August
C2: Finances August 2025
C4: Brought Forward | E4: =July!E24 -> 347.03
C6: Income
C7: Chipmunks | D7: Subs | E7: 8
C8: Beavers | D8: Subs | E8: 8
C9: Cubs | D9: Subs | E9: 16
C10: Scouts & Explorers | D10: Subs
D12: TOTAL: | E12: =SUM(E7:E11) -> 32
C14: Expenditure
C15: 45878 | D15: B&M | E15: -25.38
C16: 45880 | D16: B&M | E16: -48.47
C17: 45893 | D17: B&M | E17: -35.77
C18: 45893 | D18: Hobbycraft | E18: -7.2
C19: 45894 | D19: Home Bargains | E19: -12.76
C20: 45895 | D20: B&M | E20: 12.79
C21: 45900 | D21: B&Q | E21: -71.31
D22: TOTAL: | E22: =SUM(E15:E21) -> -188.1
C24: Balance | E24: =SUM(E4,E12,E22) -> 190.93

Sheet Sept
C2: Finances September 2025
C4: Brought Forward | E4: =August!E24 -> 190.93
C6: Income
C7: Squirrels | D7: Subs | E7: 66
C8: Beavers | D8: Subs | E8: 97
C9: Cubs | D9: Subs | E9: 93
C10: Scouts & Explorers | D10: Subs | E10: 73
D12: TOTAL: | E12: =SUM(E7:E11) -> 329
C14: Expenditure
C15: 45909 | D15: Tesco | E15: -12.8
C16: 45913 | D16: Home Bargains | E16: -3.77
C17: 45916 | D17: Hobbycraft | E17: -15.57
C18: 45902 | D18: Asda | E18: -7.02
D21: TOTAL: | E21: =SUM(E15:E20) -> -39.16
C23: Balance | E23: =SUM(E4,E12,E21) -> 480.77

Sheet Oct
C2: Finances October 2025
C4: Brought Forward | E4: =Sept!E23 -> 480.77
C6: Income
C7: Squirrels | D7: Subs | E7: 65
C8: Beavers | D8: Subs | E8: 120
C9: Cubs | D9: Subs | E9: 132
C10: Scouts & Explorers | D10: Subs | E10: 70
C11: Event | D11: Flipout Sleepover | E11: 365
C12: Hall Hire | D12: Party | E12: 90
D14: TOTAL: | E14: =SUM(E7:E12) -> 842
C16: Expenditure
C17: 45940 | D17: Poppy Wreath | E17: -43.6
C18: 45943 | D18: Door Signs | E18: -50.05
C19: 45945 | D19: Cash Banked | E19: -715
D28: TOTAL: | E28: =SUM(E17:E27) -> -808.65
C30: Balance | E30: =SUM(E4,E14,E28) -> 514.12

Sheet Nov
C2: Finances November 2025
C4: Brought Forward | E4: =Oct!E30 -> 514.12
C6: Income
C7: Squirrels | D7: Subs | E7: 101.02
C8: Beavers | D8: Subs | E8: 114.25
C9: Cubs | D9: Subs | E9: 115
C10: Scouts & Explorers | D10: Subs | E10: 56
D13: TOTAL: | E13: =SUM(E7:E12) -> 386.27
C15: Expenditure
C16: 45962 | D16: Timpson | E16: -30
C17: 45968 | D17: B&M | E17: -5.75
C18: 45982 | D18: Jims Food and Wine | E18: -3.44
C19: 45975 | D19: Jims Food and Wine | E19: -2.29
D20: TOTAL: | E20: =SUM(E16:E19) -> -41.48
C22: Balance | E22: =SUM(E4,E13,E20) -> 858.91

Sheet Dec
C2: Finances December 2025
C4: Brought Forward | E4: =Nov!E22 -> 858.91
C6: Income
C7: Squirrels | D7: Subs | E7: 36
C8: Beavers | D8: Subs | E8: 31
C9: Cubs | D9: Subs | E9: 58.7
C10: Scouts & Explorers | D10: Subs | E10: 56
C11: Event | D11: Movie Afternoon | E11: 100
D13: TOTAL: | E13: =SUM(E7:E12) -> 281.7
C15: Expenditure
C16: 46007 | D16: Cash Banked | E16: -306.35
C17: 46001 | D17: Sainsburys | E17: -2.7
C18: 46009 | D18: Morrisons | E18: -11
C19: 46010 | D19: Domino's Pizza | E19: -60
D22: TOTAL: | E22: =SUM(E16:E21) -> -380.05
C24: Balance | E24: =SUM(E4,E13,E22) -> 760.56

Sheet Jan
C2: Finances January 2026
C4: Brought Forward | E4: =Dec!E24 -> 760.56
C6: Income
C7: Squirrels | D7: Subs | E7: 53
C8: Beavers | D8: Subs | E8: 49
C9: Cubs | D9: Subs | E9: 59.02
C10: Scouts & Explorers | D10: Subs | E10: 60
C11: Hall Hire | D11: Party | E11: 60
D13: TOTAL: | E13: =SUM(E7:E12) -> 281.02
C15: Expenditure
C16: 46039 | D16: Tesco | E16: -9
C17: 46053 | D17: B&M | E17: -21
C18: 46045 | D18: Nisa | E18: -2.35
C19: 46045 | D19: Nisa | E19: -12.88
C20: 46034 | D20: Asda | E20: -4.82
C21: 46041 | D21: Sainsburys | E21: -15.7
C22: 46037 | D22: Morrisons | E22: -6
D23: TOTAL: | E23: =SUM(E16:E22) -> -71.75
C25: Balance | E25: =SUM(E4,E13,E23) -> 969.83

Sheet Feb
C2: Finances February 2026
C4: Brought Forward | E4: =Jan!E25 -> 969.83
C6: Income
C7: Squirrels | D7: Subs | E7: 12
C8: Beavers | D8: Subs | E8: 20
C9: Cubs | D9: Subs | E9: 58
C10: Scouts & Explorers | D10: Subs | E10: 94.75
C11: Hall Hire | D11: Party | E11: 75
D13: TOTAL: | E13: =SUM(E7:E12) -> 259.75
C15: Expenditure
C16: 46062 | D16: Wrights | E16: -55.49
C17: 46069 | D17: Saltire Drains | E17: -150
C18: 46063 | D18: Aldi | E18: -17.85
C19: 46062 | D19: Sainsburys | E19: -10.22
C20: 46054 | D20: B&M | E20: -23.98
D23: TOTAL: | E23: =SUM(E16:E22) -> -257.54
C25: Balance | E25: =SUM(E4,E13,E23) -> 972.04

Sheet March
C2: Finances March 2025
C4: Brought Forward | E4: =Feb!E25 -> 972.04
C6: Income
C7: Squirrels | D7: Subs | E7: 38
C8: Beavers | D8: Subs | E8: 75
C9: Cubs | D9: Subs | E9: 49
C10: Scouts & Explorers | D10: Subs | E10: 59
C11: Hall Hire | D11: Yoga | E11: 20
D13: TOTAL: | E13: =SUM(E7:E12) -> 241
C15: Expenditure
D16: B&M | E16: -2.69
D17: Cleaner | E17: -120
C18: 46083 | D18: Asda | E18: -17.66
C19: 46085 | D19: First response training fee Ben McKellar | E19: -10
C20: 46087 | D20: Jims Food and Wine | E20: -5.73
C21: 46091 | D21: Tesco | E21: -10.09
C22: 46094 | D22: Jims Food and Wine | E22: -3.84
C23: 46094 | D23: Nisa | E23: -4.58
C24: 46098 | D24: Tesco | E24: -3.74
C25: 46108 | D25: Jims Food and Wine | E25: -7.75
C26: 46108 | D26: Nisa | E26: -7.27
D28: TOTAL: | E28: =SUM(E16:E27) -> -193.35
C30: Balance | E30: =SUM(E4,E13,E28) -> 1019.69
